 Dungeon Crawl Stone Soup version 0.24.0-123-gd5b16e6ec5 (webtiles) character file.

Game seed: 6927321461186893254, levelgen mode: deterministic

24231 Emblim88 the Corrupter of Planes (level 12, 0/97 HPs)
             Began as a Demonspawn Abyssal Knight on Jan 10, 2020.
             Was the Champion of Lugonu.
             Slain by a freezing wraith (10 damage)
             ... led by a death knight
             ... on level 14 of the Dungeon.
             The game lasted 00:24:17 (17252 turns).

Emblim88 the Corrupter of Planes (DsAK)            Turns: 17252, Time: 00:24:18

Health: 0/97       AC: 12    Str: 16      XL:     12   Next: 78%
Magic:  0/21       EV: 15    Int: 19 (20) God:    Lugonu [******]
Gold:   1032       SH: 11    Dex: 15      Spells: 8/11 levels left

rFire    . . .     SeeInvis .   v - +10 spear "Caynuru" {flame, *Drain MR++ Stlth+}
rCold    . . .     Gourm    .   s - +0 shield
rNeg     + . .     Faith    .   A - +1 ring mail of Xom's Envy {rF- Int+7} (curse)
rPois    .         Spirit   +   (no helmet)
rElec    .         Reflect  .   p - +0 cloak
rCorr    +         Harm     .   (no gloves)
MR       ++...                  (no boots)
Stlth    ++........             d - amulet of guardian spirit
HPRegen  0.26/turn              z - ring of positive energy
MPRegen  0.17/turn              i - ring of resist corrosion

@: about to teleport, slowed, very slow
A: talons 2, slimy green scales 2, fire resistance 1, spiny 1
a: Depart the Abyss, Bend Space, Banish, Corrupt, Enter the Abyss, Brand Weapon
With Distortion, Renounce Religion


You were on level 14 of the Dungeon.
You worshipped Lugonu.
Lugonu was exalted by your worship.
You were not hungry.

You visited 1 branch of the dungeon, and saw 14 of its levels.
You visited the Abyss 1 time.

You collected 1032 gold pieces.

Inventory:

Hand Weapons
 v - the +10 spear "Caynuru" (weapon) {flame, *Drain MR++ Stlth+}
   (You found it on level 4 of the Dungeon)

   It has been specially enchanted to burn those struck by it, causing extra
   injury to most foes and up to half again as much damage against particularly
   susceptible opponents.
   It affects your resistance to hostile enchantments.
   It causes draining when unequipped.
   It makes you more stealthy.
 F - the +2 hand axe of Subterfuge {antimagic, Dex+4, unknown}
   (You found it on level 13 of the Dungeon)

   It reduces the magical energy of the wielder, and disrupts the spells and
   magical abilities of those hit.
   Natural abilities and divine invocations are not affected.
   It affects your dexterity (+4).
 K - a +0 battleaxe
Missiles
 g - 81 poisoned darts (quivered)
Armour
 p - a +0 cloak (worn)
 s - a +0 shield (worn)
 y - a +0 ring mail
 A - the cursed +1 ring mail of Xom's Envy (worn) {rF- Int+7}
   (You found it on level 13 of the Dungeon)

   It affects your intelligence (+7).
   It makes you vulnerable to fire.
   It has a curse placed upon it.
 J - a +0 chain mail
Jewellery
 d - an amulet of guardian spirit (around neck)
 i - a ring of resist corrosion (right hand)
 l - an uncursed ring of protection from fire {unknown}
 u - an uncursed ring of magical power
 w - an uncursed amulet of the acrobat
 z - a ring of positive energy (left hand)
 L - an uncursed ring of protection from magic {unknown}
 M - an uncursed ring of poison resistance {unknown}
Wands
 n - a wand of flame (30)
 q - a wand of enslavement (9)
 D - a wand of polymorph (20)
 E - a wand of paralysis (10)
Scrolls
 a - a scroll of fear {unknown}
 b - 2 scrolls of silence {unknown}
 f - 9 scrolls of remove curse
 h - 2 scrolls of enchant weapon
 j - 3 scrolls of amnesia
 k - 2 scrolls of enchant armour
 r - a scroll of magic mapping
 x - 3 scrolls of teleportation
 G - a scroll of noise {unknown}
 H - a scroll of brand weapon {unknown}
 I - 4 scrolls of identify
Potions
 e - a potion of flight
 o - 2 potions of ambrosia
 t - 2 potions of magic
 B - 4 potions of curing
 C - 2 potions of brilliance
Miscellaneous
 m - a fan of gales
Comestibles
 c - 33 rations
 N - 2 chunks of flesh


   Skills:
 + Level 9.8 Fighting
   Level 5.3 Long Blades
 + Level 8.8 Armour
 + Level 8.6 Dodging
 + Level 8.5 Shields
 - Level 4.3 Conjurations
 + Level 12.1 Invocations


You had 8 spell levels left.
You knew the following spells:

 Your Spells              Type           Power        Failure   Level  Hunger
a - Conjure Flame         Conj/Fire      #.......     69%         3    ####...

Your spell library contained the following spells:

 Spells                   Type           Power        Failure   Level  Hunger
 Flame Tongue             Conj/Fire      #....        32%         1    ##.....
 Throw Flame              Conj/Fire      #.....       45%         2    ###....
 Blink                    Tloc           N/A          77%         2    ###....
 Shroud of Golubria       Chrm/Tloc      #.....       77%         2    ###....
 Gell's Gravitas          Tloc           #.........   94%         3    ####...
 Inner Flame              Hex/Fire       #.......     94%         3    ####...
 Lesser Beckoning         Tloc           #.........   94%         3    ####...
 Teleport Other           Tloc           #.......     94%         3    ####...
 Sticky Flame             Conj/Fire      #.......     97%         4    #####..
 Passage of Golubria      Tloc           N/A          100%        4    #####..
 Fireball                 Conj/Fire      #.........   100%        5    ######.


Dungeon Overview and Level Annotations

Branches:
Dungeon (14/15)            Temple (0/1) D:6            Lair (0/6) D:8
    Orc (0/2) D:11         Vaults (0/5) D:13

Altars:
Ashenzari
Elyvilon
Fedhas
Gozag
Kikubaaqudgha
Okawaru
Vehumet
Xom
The Shining One


Innate Abilities, Weirdness & Mutations

You have razor-sharp toenails.
You are mostly covered in slimy green scales. (AC +3)
Your flesh is heat resistant. (rF+)
You are partially covered in sharp spines.


Message History

The freezing wraith is struck by your spines.
The freezing wraith hits you. The freezing wraith freezes you!
You block the freezing wraith's attack.
You closely miss the freezing wraith.
The freezing wraith is moderately damaged.
The freezing wraith is struck by your spines.
The freezing wraith hits you. The freezing wraith freezes you!!
The freezing wraith hits you. The freezing wraith drains your vigour!
You feel yourself slow down. The freezing wraith hits you!
* * * LOW HITPOINT WARNING * * *
The freezing wraith freezes you!!
* * * LOW HITPOINT WARNING * * *
The freezing wraith misses you.
You feel better.
You block the freezing wraith's attack. x2
As you read the scroll of teleportation, it crumbles to dust.
You feel strangely unstable. You block the freezing wraith's attack.
The freezing wraith hits you!
* * * LOW HITPOINT WARNING * * *
The freezing wraith hits you!
You die...

#.# #.....#
#.# #..>..#
#.# #.....#
#.# #######
#.# #.# ##
#.# ..
#.###.##...
#..@WW...#
#####.#..#
#


You could see 2 freezing wraiths.

Vanquished Creatures
  Kirke (D:14)
  A vault guard (D:13)
  A catoblepas (D:13)
  A centaur warrior (D:13)
  4 two-headed ogres
  Nergalle (D:12)
  3 skeletal warriors
  3 unseen horrors
  An ugly thing (D:11)
  2 gargoyles
  2 kobold demonologists (D:14)
  A komodo dragon (D:8)
  2 tengu conjurers (D:14)
  4 trolls
  A blink frog (shapeshifter) (D:11)
  A slime creature (D:13)
  3 hippogriffs
  3 vampires
  A wyvern (D:10)
  A golden eye (shapeshifter) (D:14)
  10 yaks
  A hungry ghost (D:7)
  4 shadows
  4 vampire mosquitoes (D:13)
  A soldier ant (D:14)
  9 orc warriors
  2 black bears
  4 ice beasts
  A phantom (D:7)
  5 ogres
  A hornet zombie (D:11)
  7 centaurs
  5 big kobolds
  A crocodile (D:9)
  4 bullfrogs
  A gnoll sergeant (D:6)
  18 killer bees
  7 scorpions
  5 wights (D:10)
  8 crimson imps
  A bullfrog zombie (D:12)
  2 hounds
  8 orc priests
  Crazy Yiuf (D:3)
  5 centaur skeletons
  3 jellies
  9 orc wizards
  A bullfrog skeleton (D:12)
  A gnoll shaman (D:7)
  An iguana (D:8)
  13 worker ants
  A hound skeleton (D:5)
  A hound zombie (D:6)
  A howler monkey zombie (D:7)
  18 gnolls
  7 adders
  3 shadow imps
  An adder zombie (D:5)
  An adder skeleton (D:5)
  2 worms
  5 leopard geckos
  50 orcs
  A ball python (D:2)
  10 giant cockroaches
  7 goblins
  7 hobgoblins
  15 jackals
  11 kobolds
  4 quokkas
  A ball python skeleton (D:4)
  11 bats
  2 frilled lizards (D:3)
  A giant cockroach zombie (D:5)
  8 rats
348 creatures vanquished.

Vanquished Creatures (others)
  A worker ant (D:5)
  An ooze (D:5)
  A leopard gecko (D:5)
  A quokka (D:5)
  A quokka zombie (D:5)
  A plant (D:8)
6 creatures vanquished.

Grand Total: 354 creatures vanquished

Notes
Turn   | Place    | Note
-------+----------+-------------------------------------------
     0 | Abyss:1  | Emblim88 the Demonspawn Abyssal Knight began the quest for
                  | the Orb.
     0 | Abyss:1  | Reached XP level 1. HP: 18/18 MP: 2/2
     5 | Abyss:1  | Found a corrupted altar of Lugonu.
    32 | Abyss:1  | Noticed a wretched star
    46 | D:1      | Escaped the Abyss
   163 | D:1      | Reached skill level 1 in Dodging
   223 | D:1      | Reached * piety under Lugonu
   223 | D:1      | Gained mutation: You are partially covered in slimy green
                  | scales. (AC +2) [demonic ancestry]
   223 | D:1      | Reached XP level 2. HP: 24/24 MP: 4/4
   835 | D:2      | Gained mutation: You are partially covered in sharp spines.
                  | [demonic ancestry]
   835 | D:2      | Reached XP level 3. HP: 19/29 MP: 3/5
   838 | D:2      | Reached skill level 3 in Invocations
  1054 | D:2      | You fall into a shaft and drop 1 floor!
  1076 | D:3      | Gained mutation: Your flesh is heat resistant. (rF+)
                  | [demonic ancestry]
  1076 | D:3      | Reached XP level 4. HP: 35/35 MP: 6/6
  1130 | D:3      | Reached ** piety under Lugonu
  1300 | D:2      | Reached skill level 1 in Shields
  1395 | D:2      | Found a faded altar of an unknown god.
  1723 | D:3      | Noticed a centaur
  1729 | D:3      | Killed a centaur
  1729 | D:3      | Reached XP level 5. HP: 38/41 MP: 5/7
  1801 | D:3      | Found a runed translucent door.
  1802 | D:3      | Noticed Crazy Yiuf
  1957 | D:3      | Found a glowing golden altar of the Shining One.
  1957 | D:3      | Found a shattered altar of Ashenzari.
  1973 | D:3      | Found a radiant altar of Vehumet.
  1973 | D:3      | Found an iron altar of Okawaru.
  2176 | D:3      | Found a blossoming altar of Fedhas.
  2366 | D:3      | Killed Crazy Yiuf
  2626 | D:4      | Reached skill level 4 in Invocations
  2626 | D:4      | Gained mutation: You have sharp toenails. [demonic
                  | ancestry]
  2626 | D:4      | Reached XP level 6. HP: 44/48 MP: 2/9
  3682 | D:4      | Learned a level 3 spell: Conjure Flame
  3705 | D:4      | Got a faintly glowing spear
  3706 | D:4      | Identified the +10 spear "Caynuru" {flame, *Drain MR++
                  | Stlth+} (You found it on level 4 of the Dungeon)
  3718 | D:4      | Reached *** piety under Lugonu
  3720 | D:4      | Reached XP level 7. HP: 45/54 MP: 10/10
  3768 | D:4      | You fall into a shaft and drop 1 floor!
  3768 | D:5      | Entered Level 5 of the Dungeon
  3955 | D:5      | Reached skill level 1 in Conjurations
  3999 | D:5      | Noticed a two-headed ogre
  4009 | D:5      | Killed a two-headed ogre
  4009 | D:5      | Reached skill level 5 in Invocations
  4009 | D:5      | Reached XP level 8. HP: 12/61 MP: 4/12
  4274 | D:5      | Found a shimmering altar of Xom.
  4286 | D:5      | Reached skill level 5 in Fighting
  4540 | D:4      | You fall into a shaft and drop 1 floor!
  5012 | D:5      | Reached skill level 6 in Invocations
  5430 | D:6      | Found a staircase to the Ecumenical Temple.
  5479 | D:6      | HP: 2/93 [orc warrior/+0 glaive (4)]
  5487 | D:6      | Gained mutation: You are mostly covered in slimy green
                  | scales. (AC +3) [demonic ancestry]
  5487 | D:6      | Reached XP level 9. HP: 4/68 MP: 6/13
  5973 | D:6      | Reached **** piety under Lugonu
  6074 | D:6      | Found an opulent altar of Gozag.
  6716 | D:7      | Reached skill level 5 in Long Blades
  6716 | D:7      | Reached skill level 7 in Invocations
  6734 | D:7      | Reached skill level 5 in Armour
  7606 | D:7      | Reached skill level 5 in Dodging
  8016 | D:8      | Reached XP level 10. HP: 60/76 MP: 15/15
  8118 | D:8      | Found a white marble altar of Elyvilon.
  8177 | D:8      | Found a staircase to the Lair.
  8218 | D:8      | Reached ***** piety under Lugonu
  8218 | D:8      | Reached skill level 5 in Shields
  8586 | D:9      | Found a shimmering altar of Xom.
  8655 | D:9      | Reached skill level 8 in Invocations
  9616 | D:10     | Entered Level 10 of the Dungeon
  9649 | D:10     | Found an ancient bone altar of Kikubaaqudgha.
  9660 | D:10     | Noticed a gargoyle
  9679 | D:10     | Killed a gargoyle
 10705 | D:10     | Noticed a two-headed ogre
 10717 | D:10     | Killed a two-headed ogre
 10717 | D:10     | Reached skill level 9 in Invocations
 11197 | D:11     | Reached XP level 11. HP: 65/84 MP: 15/17
 11494 | D:11     | Noticed a green ugly thing
 11515 | D:11     | HP: 3/85 [green ugly thing (7)]
 11518 | D:11     | Killed a green ugly thing
 11909 | D:11     | You fall into a shaft and drop 3 floors!
 11973 | D:14     | Killed an unseen horror
 12026 | D:13     | Reached skill level 10 in Invocations
 12176 | D:12     | Noticed Nergalle
 12203 | D:12     | Killed Nergalle
 12625 | D:11     | Found a staircase to the Orcish Mines.
 13076 | D:12     | Noticed a skeletal warrior
 13082 | D:12     | Reached ****** piety under Lugonu
 13096 | D:12     | Killed a skeletal warrior
 13532 | D:12     | Noticed a skeletal warrior
 13532 | D:12     | Noticed a skeletal warrior
 13568 | D:11     | Killed a skeletal warrior
 13808 | D:12     | HP: 3/87 [skeletal warrior/+0 halberd[a skeletal warrior]
                  | (9)]
 13812 | D:12     | Killed a skeletal warrior
 14940 | D:13     | Gained mutation: You have razor-sharp toenails. [demonic
                  | ancestry]
 14940 | D:13     | Reached XP level 12. HP: 80/94 MP: 15/20
 14975 | D:13     | Got a crude ring mail
 14989 | D:13     | Got a brightly glowing hand axe
 15000 | D:13     | Noticed a catoblepas
 15020 | D:13     | Killed a catoblepas
 15020 | D:13     | Reached skill level 11 in Invocations
 15421 | D:13     | Identified the cursed +1 ring mail of Xom's Envy {rF-
                  | Int+7} (You found it on level 13 of the Dungeon)
 15702 | D:13     | Noticed a centaur warrior
 15711 | D:13     | Killed a centaur warrior
 15744 | D:13     | Noticed a two-headed ogre
 15753 | D:13     | Killed a two-headed ogre
 15839 | D:13     | Found a gate to the Vaults.
 15839 | D:13     | Noticed a vault guard
 15849 | D:13     | Killed a vault guard
 16199 | D:13     | Noticed a two-headed ogre
 16206 | D:13     | Killed a two-headed ogre
 17217 | D:14     | Noticed Kirke
 17225 | D:14     | Killed Kirke
 17225 | D:14     | Reached skill level 12 in Invocations
 17252 | D:14     | Slain by a freezing wraith

Levels and vault maps discovered:
D:1:      lemuel_arrival_rhombus, layout_basic
D:2:      layout_rooms, chequers_ecumenical_altar_island, first_ration
D:3:      layout_loops_ring, chequers_temple_overflow_statue_of_worship,
          fedhas_altar_4, uniq_crazy_yiuf_cottage
D:4:      layout_basic, roderic_serpentine_path
D:5:      layout_basic, xom_confusion_cloud
D:6:      layout_basic, nicolae_gozag_seed_capital,
          minmay_temple_entry_enclosed_plants, kennysheep_generic_room_9
D:7:      layout_basic
D:8:      layout_cave_pools, overflow_temple_1_default, david_lair_shrubbed
D:9:      layout_stronghold, kennysheep_little_box
D:10:     layout_loops_corners, basic_altar, minmay_misc_feat_alley,
          blue_anna_alchemist [blue_anna_fruit_fields, blue_anna_fruit_fields]
D:11:     layout_long_grid, orc_0_dummy
D:12:     layout_basic, uniq_nergalle
D:13:     layout_basic, david_vaults_5, minivault_25
D:14:     layout_loops_cross, hangedman_decor_riveting, uniq_kirke

Skill      XL: |  1  2  3  4  5  6  7  8  9 10 11 12 |
---------------+-------------------------------------+-----
Dodging        | 1 2 3 4 5 6 7 8 |  8.6
Long Blades    | 2 3 4 5 |  5.3
Armour         | 2 3 4 5 6 7 8 |  8.8
Invocations    | 3 4 5 6 7 9 10 12 | 12.1
Shields        | 1 2 3 4 6 7 8 |  8.5
Fighting       | 4 5 6 7 8 9 |  9.8
Conjurations   | 2 3 4 |  4.3

Action                   |  1- 3 |  4- 6 |  7- 9 | 10-12 || total
-------------------------+-------+-------+-------+-------++-------
Melee: Falchion          |    86 |   110 |       |       ||   196
       Kick              |       |    14 |    39 |   177 ||   230
       Spear             |       |     6 |   272 |   662 ||   940
Invok: Depart the Abyss  |     1 |       |       |       ||     1
  Use: Potion            |       |     2 |     8 |     5 ||    15
       Scroll            |       |       |     9 |     5 ||    14
 Stab: Sleeping          |       |     2 |     8 |     5 ||    15
  Eat: Chunk             |     1 |     4 |     7 |    22 ||    34
       Ration            |       |     1 |     3 |     2 ||     6
Armor: Leather armour    |    32 |    32 |     9 |       ||    73
       Ring mail         |       |       |    39 |   180 ||   219
Dodge: Dodged            |    68 |    59 |    70 |   210 ||   407
Block: Buckler           |     9 |    19 |       |       ||    28
       Shield            |       |     8 |    90 |   284 ||   382
       Rpst.: Falchion   |    19 |    22 |       |       ||    41
